Cogmind - Beta 13 @@@ ROGUE MODE // 2024.04.09 @ 22:18:23 Player: Fractal Result: Destroyed by Autobeam Turret with Autobeam Performance ------------- Evolutions (0) 0 Regions Visited (2) 400 Robots Destroyed (22) 110 Value Destroyed (557) 557 Prototype IDs (2) 40 Alien Tech Used (0) 0 Bonus (0) 0 TOTAL SCORE: 1107 Bonus ------- None Cogmind --------- Core Integrity 0/250 Matter 300/300 Energy 250/250 System Corruption 0% Temperature Cool (6) Movement Walking (120) Location -10/Subcaves Parts ------- > --- POWER (1) -------- Ion Engine > --- PROPULSION (2) --- Aluminum Leg Aluminum Leg > --- UTILITY (2) ------ Medium Storage Unit Structural Scanner > --- WEAPON (2) ------- Medium Laser Light Assault Rifle > --- INVENTORY (10) --- Ion Engine Aluminum Leg Aluminum Leg Sensor Array Sensor Array Scrap Shield Medium Laser Light Assault Rifle Light Assault Rifle Peak State ------------ > --- POWER ------------ Light Ion Engine > --- PROPULSION ------- Aluminum Leg Aluminum Leg > --- UTILITY ---------- Medium Storage Unit Structural Scanner > --- WEAPON ----------- Medium Laser Light Assault Rifle > --- INVENTORY -------- Ion Engine Light Treads Light Treads Aluminum Leg Heat Sink Small Storage Unit Sensor Array Sensor Array Medium Laser Light Assault Rifle [Rating: 8] Favorites ----------- Power Light Ion Engine Engine Light Ion Engine Propulsion Aluminum Leg Leg Aluminum Leg Utility Medium Storage Unit Device Structural Scanner Storage Medium Storage Unit Weapon Medium Laser Energy Gun Medium Laser Ballistic Gun Light Assault Rifle Build | -11 -10 -10 ------- Run | Yrd Mat Sub Slots Evolved . | . . . Power . | . . . Propulsion . | . . . Utility . | . . . Weapon . | . . . Parts Attached 22 | 6 16 . Power 4 | 1 3 . Engine 4 | 1 3 . Core . | . . . Reactor . | . . . Propulsion 8 | 2 6 . Treads . | . . . Leg 8 | 2 6 . Wheel . | . . . Hover . | . . . Flight . | . . . Utility 3 | 1 2 . Device 1 | . 1 . Storage 2 | 1 1 . Processor . | . . . Hackware . | . . . Protection . | . . . Artifact . | . . . Weapon 7 | 2 5 . Energy Gun 2 | 1 1 . Energy Cannon . | . . . Ballistic Gun 5 | 1 4 . Ballistic Cannon . | . . . Launcher . | . . . Special Weapon . | . . . Impact Weapon . | . . . Slashing Weapon . | . . . Piercing Weapon . | . . . Special Melee Weapon . | . . . Unidentified Prototypes . | . . . Parts Lost 2 | . 2 . Power 1 | . 1 . Propulsion 1 | . 1 . Utility . | . . . Weapon . | . . . Highest Loss Streak 1 | . 1 . To Critical Strikes . | . . . Average Slot Usage (%) 99 | . 98 100 Engine 13 | . 13 14 Leg 27 | . 27 28 Device 13 | . 13 14 Storage 14 | . 14 14 Energy Gun 13 | . 12 14 Ballistic Gun 14 | . 15 14 Naked Turns . | . . . Heaviest Build 21 | 11 21 19 Greatest Support 20 | 20 20 20 Greatest Overweight (x) 1 | 1 1 . Average Overweight (x) . | . . . Largest Inventory Capacity 10 | 8 10 10 Average Capacity 9 | 6 9 10 Most Carried 10 | 4 10 10 Average Carried 8 | 3 8 9 Final Capacity 10 | 8 10 10 Final Carried 10 | 4 10 10 Class Distribution -------------------- 100% | Mutant Dominant Class ---------------- Mutant | -10/Materials Mutant | -10/Subcaves Resources | -11 -10 -10 ----------- Run | Yrd Mat Sub Matter Collected 536 | 154 370 12 Remotely . | . . . Salvage Created 680 | . 595 85 Parts 36 | . 33 3 Haulers Intercepted . | . . . Recyclers Shooed . | . . . Parts Field Recycled . | . . . Retrieved Matter . | . . . Parts Self-Destructed 11 | . . 11 Prevented . | . . . Kills | -11 -10 -10 ------- Run | Yrd Mat Sub Combat Hostiles Destroyed 21 | . 18 3 Guns 21 | . 18 3 Classes Destroyed 4 | . 3 1 Operator 1 | . 1 . Swarmer 8 | . 6 2 Grunt 12 | . 12 . Subdweller 1 | . . 1 Best Kill Streak 3 | . 3 2 Combat Bots Only 3 | . 3 2 Max Kills in Single Turn 1 | . 1 1 Gunslinging . | . . . Exploded . | . . . Melee . | . . . Uniques/NPCs Destroyed . | . . . Combat | -11 -10 -10 -------- Run | Yrd Mat Sub Hostile Shots Fired 124 | . 105 19 Missed 28 | . 28 . Damage Taken 940 | . 798 142 Core 252 | . 209 43 Absorbed by Shields . | . . . Core Remaining (%) 100 | 100 . . Volleys Fired 80 | . 68 12 Largest 2 | . 2 2 Hottest 70 | . 70 70 Shots Fired 160 | . 136 24 Gun 160 | . 136 24 Cannon . | . . . Launcher . | . . . Special . | . . . Kinetic 80 | . 68 12 Thermal 80 | . 68 12 Explosive . | . . . Electromagnetic . | . . . Robot Hit Streak 7 | . 7 6 Robot Miss Streak 9 | . 9 2 Penetration Max . | . . . Secondary Targets . | . . . Shots Hit Robots 84 | . 70 14 Core Hits 39 | . 36 3 Critical Kills . | . . . Critical Parts Destroyed . | . . . Critical Strikes 1 | . 1 . Burn 1 | . 1 . Melee Attacks . | . . . Impact . | . . . Slashing . | . . . Piercing . | . . . Sneak Attacks . | . . . Combat Hostiles . | . . . Follow-up Attacks . | . . . Damage Inflicted 941 | . 809 132 Guns 941 | . 809 132 Cannons . | . . . Explosions . | . . . Melee . | . . . Ramming . | . . . Kinetic 380 | . 320 60 Thermal 561 | . 489 72 Explosive . | . . . Electromagnetic . | . . . Impact . | . . . Slashing . | . . . Piercing . | . . . Highest Corruption . | . . . Average Corruption . | . . . Corruption Purged . | . . . Corruption Blocked . | . . . Overload Shots . | . . . Overflow Damage . | . . . Projectiles . | . . . Explosions . | . . . Melee . | . . . Knockbacks . | . . . Impact . | . . . Kinetic . | . . . Secondary . | . . . Self-Inflicted Damage . | . . . Shots . | . . . Rammed . | . . . Targets Rammed . | . . . Kicked . | . . . Crushed . | . . . Highest Temperature 246 | . 246 . Average Temperature 63 | . 63 . Received Heat Transfer 351 | . 318 33 Siege Activations . | . . . Robots Corrupted . | . . . Combat Hostiles . | . . . Parts Fried . | . . . Impact Corruptions . | . . . Robots Melted . | . . . Combat Hostiles . | . . . Parts Melted 1 | . 1 . Heat Transferred 1739 | . 1517 222 Parts Sabotaged . | . . . Parts Stolen . | . . . Parts Stripped . | . . . Power Chain Reactions . | . . . Alert | -11 -10 -10 ------- Run | Yrd Mat Sub Peak Influence 211 | . 211 . Initial . | . . . Average 80 | . 83 . Maximum Alert Level 1 | . 1 . Low Security (%) 94 | 100 94 . Level 1 5 | . 5 . Level 2 . | . . . Level 3 . | . . . Level 4 . | . . . Level 5 . | . . . High Security . | . . . Max Security . | . . . Squads Dispatched 5 | . 5 . Investigation 2 | . 2 . Extermination . | . . . Reinforcement 3 | . 3 . Assault . | . . . Garrison . | . . . Intercept . | . . . Searches Triggered . | . . . Construction Impeded . | . . . Haulers Reinforced . | . . . Active Scanning Responses . | . . . Cargo Convoy Interrupts . | . . . Stealth | -11 -10 -10 --------- Run | Yrd Mat Sub Distress Signals 2 | . 2 . Communications Jammed . | . . . Distress Signals . | . . . Times Spotted 48 | . 40 8 Peak Tracking Total 6 | . 6 3 Tactical Retreats 4 | . 3 1 Traps | -11 -10 -10 ------- Run | Yrd Mat Sub Traps Triggered 2 | . 2 . Indirectly . | . . . Trap Hack Attempts . | . . . Triggered . | . . . Disarmed . | . . . Reprogrammed . | . . . Reused . | . . . Traps Extracted . | . . . Installed . | . . . Triggered . | . . . Machines | -11 -10 -10 ---------- Run | Yrd Mat Sub Machines Disabled . | . . . Max in Single Turn . | . . . Machines Repaired . | . . . Machines Dismantled . | . . . Machines Sabotaged . | . . . Overloaded Fab Kills . | . . . Hacking | -11 -10 -10 --------- Run | Yrd Mat Sub Machines Accessed 1 | . 1 . Terminals 1 | . 1 . Fabricators . | . . . Repair Stations . | . . . Recycling Units . | . . . Scanalyzers . | . . . Garrison Access . | . . . Total Hacks 4 | . 4 . Successful 2 | . 2 . Failed 2 | . 2 . Catastrophic . | . . . Database Lockouts . | . . . Manual 2 | . 2 . Terminals 4 | . 4 . Fabricators . | . . . Repair Stations . | . . . Recycling Units . | . . . Scanalyzers . | . . . Garrison Access . | . . . Terminal Hacks 2 | . 2 . Prototype ID Bank 1 | . 1 . Terminal Index 1 | . 1 . Fabricator Hacks . | . . . Repair Station Hacks . | . . . Recycling Unit Hacks . | . . . Scanalyzer . | . . . Garrison Access Hacks . | . . . Unauthorized Hacks . | . . . Terminals . | . . . Fabricators . | . . . Repair Stations . | . . . Recycling Units . | . . . Scanalyzers . | . . . Garrison Access . | . . . Data Cores Recovered . | . . . Used . | . . . Hacking Detections . | . . . Full Trace Events . | . . . Feedback Events . | . . . Feedback Blocked . | . . . Robot Schematics Acquired . | . . . Robots Built . | . . . Authchips . | . . . Time . | . . . Total Robot Build Rating . | . . . Part Schematics Acquired . | . . . Parts Built . | . . . Authchips . | . . . Time . | . . . Total Part Build Rating . | . . . Parts Repaired . | . . . Time . | . . . Parts Recycled . | . . . Recycled Matter . | . . . Retrieved Matter . | . . . Retrieved Components . | . . . Parts Scanalyzed . | . . . Part Schematics Acquired . | . . . Parts Damaged . | . . . Bothacking | -11 -10 -10 ------------ Run | Yrd Mat Sub Used RIF Installer . | . . . Robots Hacked . | . . . Non-combat . | . . . Combat . | . . . Robot Hacks Applied . | . . . Relay Couplers Released . | . . . Fabnet Peak Effective % . | . . . Robots Rewired . | . . . Allies Hacked . | . . . Hacks Repelled . | . . . Allies | -11 -10 -10 -------- Run | Yrd Mat Sub Total Allies . | . . . Largest Group . | . . . Highest-Rated Group . | . . . Highest-Rated Ally . | . . . Total Orders . | . . . Ally Attacks . | . . . Total Damage . | . . . Kills . | . . . Allies Corrupted . | . . . Allies Melted . | . . . Intel | -11 -10 -10 ------- Run | Yrd Mat Sub Robot Analysis Total . | . . . Derelict Logs Recovered . | . . . Drone Launches . | . . . Drone Recoveries . | . . . Exploration | -11 -10 -10 ------------- Run | Yrd Mat Sub Turns Passed 2045 | 62 1502 481 Spaces Moved 1284 | 46 916 322 Core 13 | 13 . . Treads . | . . . Legs 1271 | 33 916 322 Wheels . | . . . Hover . | . . . Flight . | . . . Fastest Speed 50 | 50 120 120 Average Speed 120 | 105 121 120 Slowest Speed 190 | 120 190 120 Overloaded Moves . | . . . Propulsion Burnouts . | . . . Robots Hopped . | . . . Cave-ins Triggered . | . . . Exploration Rate (%) 38 | 4 93 19 Regions Visited 2 Branch Regions 1 Pre-discovered Areas . | . . . Known Exits Taken . | . . . Unknown Exits Taken 2 | 1 1 . Scrap Searched . | . . . Spaces Dug . | . . . Terrain Destroyed . | . . . Melee . | . . . Projectile . | . . . AOE . | . . . Terrain Rammed . | . . . Walls Destroyed . | . . . Machines Disabled . | . . . Actions | -11 -10 -10 --------- Run | Yrd Mat Sub Total 1639 | 57 1186 396 Wait 224 | . 165 59 Move 1282 | 45 915 322 Hop . | . . . Pick Up 15 | 6 8 1 Fast Attach 8 | 4 4 . Attach 3 | 2 1 . Detach 1 | . 1 . Swap 11 | . 11 . Drop 15 | . 13 2 Fire 80 | . 68 12 Melee . | . . . Ram . | . . . Kick . | . . . Crush . | . . . Escape Stasis . | . . . Rewire . | . . . Trap . | . . . Miscellaneous . | . . . Route ------- -11/Scrapyard -10/Materials (discovered 5 exits: [*Mat x3] / [*Min] / [*Sub]) -10/Subcaves (discovered 2 exits: [*Mat] / [*Rec]) History --------- Turn | Location | Event 19 | -11/Scrapyard | Discovered new exit (range 15) 63 | -11/Scrapyard | Entered Materials 311 | -10/Materials | Build established: Mutant 598 | -10/Materials | Core integrity fell below 50% 681 | -10/Materials | Discovered new exit (range 15) 854 | -10/Materials | Discovered new exit (range 16) 950 | -10/Materials | Discovered new exit (range 8) 1147 | -10/Materials | Discovered new exit (range 7) 1300 | -10/Materials | Discovered new exit (range 15) 1353 | -10/Materials | Core integrity fell below 20% 1565 | -10/Materials | Entered Subcaves 1716 | -10/Subcaves | Discovered new exit (range 10) 2045 | -10/Subcaves | Discovered new exit (range 11) 2046 | -10/Subcaves | Destroyed by Autobeam Turret with Autobeam Last Messages --------------- yourself with this!" 01570_ Dropped Heat Sink. 01571_ Dropped Terrain Scanner. 01571_ Acquired Scrap Shield. 01647_ Subatomizers dissect the Sub. Power Source. 01716_ EXIT=FOUND 01744_ Imp. Heat Sink fries itself beyond repair. 01750_ Particle Gun fries itself beyond repair. 01795_ 62-W4I(h) suffers critical hit (Destroy). 01803_ K7-VHO(R) affixes Scrap Shield Fragment to Scrap Shield. 01806_ K7-VHO(R) destroyed. 01810_ Acquired 4 matter. 01968_ Subatomizers dissect the Ion Engine. 02023_ Destroyed Flight Unit. 02028_ S-10 Pest destroyed. 02037_ Acquired 8 matter. 02045_ EXIT=FOUND Map ----- +----------------------------------------------------+ | ???## #### ## ############????????????? | | ##?#### # # ###????????????? | | ##???###### ### ##????????????? | | ##???####### ##### ##????????????? | | ###??????### ##### ######## # ????????????? | | ####?####### ##### % #############????????????? | | ########### ## #####?########????????????? | | "##### ###% ############??????????????? | | " ### #### % ####### ###??????????????? | | " % ### ## ! ##??????????????? | | " % ## #### =%% ##??????????????? | | " ## ######## ##* ##??????????????? | | ## ########### #### ###?????????????? | | "### #####????### ##### ###?????????????? | | #########???????## % ######### ###????????????? | | #########????????## # ####?##### ##????????????? | | ###??????????????#### ##????##### ##??????????? | | ?????????????????#### ###???????######??????????? | | ??????????????????### ##????????# ###??????????? | | ??????????????????### %###???????????????????????? | | ??????????????????## = ###??????????????????????? | | ??????????????????### #####????????????????????? | | ??????????????????## % #####???????????????????? | | ??????????????????## ###???????????????????? | | ??????????????????## !% ##???????????????????? | | ??????????????????## ##@ ##???????????????????? | | ??????????????????## ## ##???????????????????? | | ??????????????????### ## ##???????????????????? | | ??????????????????####### ##???????????????????? | | ???????????????????###" ???????????????????? | | ???????????????????????? ???????????????????? | | ???????????????????????? ##????????????????? | | ???????????????????????? t t "##????????????????? | | ???????????????????????? " " "##????????????????? | | ??????????????????????"""" """"##????????????????? | | ??????????????????????####<######????????????????? | | ??????????????????????###########????????????????? | | ?????????????????????????####????????????????????? | | ?????????????????????????????????????????????????? | | ?????????????????????????????????????????????????? | | ?????????????????????????????????????????????????? | | ?????????????????????????????????????????????????? | | ?????????????????????????????????????????????????? | | ?????????????????????????????????????????????????? | | ?????????????????????????????????????????????????? | | ?????????????????????????????????????????????????? | | ?????????????????????????????????????????????????? | | ?????????????????????????????????????????????????? | | ?????????????????????????????????????????????????? | | ?????????????????????????????????????????????????? | +----------------------------------------------------+ Best States ------------- Heat Dissipation 25 Energy Generation 10 Energy Capacity 250 Matter Stores 300 Matter Capacity 300 Sight Range 16 Terrain Scan Density 10 Evasion (%) 55 Item Schematics ----------------- None Robot Schematics ------------------ None Fabricated ------------ Nothing Alien Tech Used ----------------- None Achievements -------------- None Challenges ------------ None Game ------ Seed CooledPiercingMagmablaster Manual? 0 Play Time 00:20:15 Cumulative 31.0 hours Start 2024.04.09 @ 21:59:58 End 2024.04.09 @ 22:18:23 Sessions 1 Manual Loads 0 Difficulty Rogue Special Mode None Game No. 41 Rogue 41 Adventurer 0 Explorer 0 Win Type - Total 0 Types 0/0/0/0/0/0/0/0/0 Lore% 19 Gallery% 24 Achievement% 18 Wizard Run 0 Options --------- Layout 1 ASCII 0 Keyboard 1 Movement Numpad Keybinds 0 Fullscreen 1 Font 48/Terminus Map View 50x35 Zoom Use 0% Tactical HUD 1 Map Filters NONE Filters BRIGHTNESS(100) Steam 1 RUN: 84b70bd4-8776-4e5d-ad41-cfa53e761c7e